 Dungeon Crawl Stone Soup version 0.28.0-45-g0d030f2227 (webtiles) character file.

Game seed: 7438502902714817151

2198 Peloso the Carver (level 9, -7/78 HPs)
             Began as a Minotaur Fighter on Apr 4, 2022.
             Was an Initiate of Okawaru.
             Mangled by a boulder beetle (13 damage)
             ... on level 6 of the Dungeon.
             The game lasted 00:09:17 (6557 turns).

Peloso the Carver (Minotaur Fighter)                Turns: 6557, Time: 00:09:18

Health: -7/78      AC:  9    Str: 23    XL:     9   Next: 12%
Magic:  8/8        EV: 10    Int:  5    God:    Okawaru [......]
Gold:   149        SH:  5    Dex: 12    Spells: 8/8 levels left

rFire   + . .      SeeInvis .   a - +0 long sword
rCold   . . .      Faith    .   c - +0 buckler
rNeg    . . .      Spirit   .   b - +1 scale mail {rF+}
rPois   .          Reflect  .   (helmet restricted)
rElec   .          Harm     .   (no cloak)
rCorr   .          Rampage  .   (no gloves)
Will    .....                   (no boots)
Stlth   ..........              (no amulet)
HPRegen 0.23/turn               (no ring)
MPRegen 0.11/turn               (no ring)

@: mighty
A: horns 2, retaliatory headbutt
a: Renounce Religion


You were on level 6 of the Dungeon.
You worshipped Okawaru.
Okawaru was noncommittal.
You visited 2 branches of the dungeon, and saw 7 of its levels.
You also visited: Ossuary.

You collected 204 gold pieces.
You spent 55 gold pieces at shops.

Inventory:

Hand Weapons
 a - a +0 long sword (weapon)
Missiles
 i - 2 throwing nets (quivered)
Armour
 b - a +1 scale mail of fire resistance (worn)
 c - a +0 buckler (worn)
Jewellery
 k - a ring of fire
 s - a +4 ring of evasion
Wands
 x - a wand of iceblast (7)
Scrolls
 h - a scroll of fear {unknown}
 j - 2 scrolls of magic mapping
 m - a scroll of holy word {unknown}
 o - a scroll of enchant weapon {unknown}
 p - 4 scrolls of teleportation
 q - 2 scrolls of noise {unknown}
 r - a scroll of enchant armour {unknown}
 t - a scroll of blinking {unknown}
 w - a scroll of amnesia {unknown}
Potions
 d - a potion of might
 e - a potion of flight
 f - a potion of ambrosia {unknown}
 g - 3 potions of haste
 l - 2 potions of heal wounds
 n - a potion of invisibility
 u - a potion of cancellation
 v - a potion of attraction {unknown}


   Skills:
 + Level 6.8 Fighting
 + Level 9.9 Long Blades
 + Level 8.0 Armour
 + Level 3.0 Dodging
 + Level 0.7 Stealth
 + Level 5.5 Shields


You had 8 spell levels left.
You didn't know any spells.
Your spell library contained the following spells:

 Spells                   Type           Power      Damage    Failure   Level
 Freeze                   Ice            0%         1d3       83%         1
 Magic Dart               Conj           0%         1d3       83%         1
 Frozen Ramparts          Ice            0%         1d2       99%         3
 Gell's Gravitas          Tloc           0%         N/A       99%         3
 Mephitic Cloud           Conj/Pois/Air  0%         N/A       99%         3
 Teleport Other           Tloc           0%         N/A       99%         3
 Hailstorm                Conj/Ice       0%         3d3       100%        4
 Dispersal                Tloc           0%         N/A       100%        6
 Call Imp                 Summ           Unusable   N/A       N/A         2

Dungeon Overview and Level Annotations

Branches:
Dungeon (6/15)             Temple (1/1) D:5         Ossuary (visited)

Altars:
Ashenzari
Elyvilon
Gozag
Hepliaklqana
Kikubaaqudgha
Makhleb
Nemelex Xobeh
Okawaru
Sif Muna
Uskayaw
Wu Jian
Zin
The Shining One

Shops:
D:2 ?   D:6 :

Annotations:
D:3 1 runed translucent door, Crazy Yiuf
D:5 1 runed translucent door


Innate Abilities, Weirdness & Mutations

You have a pair of horns on your head.
You reflexively headbutt those who attack you in melee.


Message History

The bullfrog skeleton hits you but does no damage.
The bullfrog skeleton closely misses you.
You slash the bullfrog skeleton!
You destroy the bullfrog skeleton!
Okawaru accepts your kill.
You feel very mighty all of a sudden. The boulder beetle closely misses you.
You barely miss the boulder beetle. You headbutt the boulder beetle!
The boulder beetle is lightly wounded.
The boulder beetle bites you!
You hit the boulder beetle.
You headbutt the boulder beetle, but do no damage.
The boulder beetle is lightly wounded.
The boulder beetle bites you!!
You hit the boulder beetle. You headbutt the boulder beetle!!
The boulder beetle is heavily wounded.
The boulder beetle barely misses you.
You hit the boulder beetle.
The boulder beetle is heavily wounded.
The boulder beetle bites you!
You slash the boulder beetle!
The boulder beetle is severely wounded.
The boulder beetle bites you but does no damage.
You hit the boulder beetle.
The boulder beetle is severely wounded.
The boulder beetle bites you!
* * * LOW HITPOINT WARNING * * *
You slash the boulder beetle!
You headbutt the boulder beetle, but do no damage.
The boulder beetle is almost dead.
The boulder beetle misses you.
You completely miss the boulder beetle.
The boulder beetle is almost dead.
The boulder beetle bites you!
* * * LOW HITPOINT WARNING * * *
You hit the boulder beetle but do no damage.
You headbutt the boulder beetle, but do no damage.
The boulder beetle is almost dead.
The boulder beetle bites you!
You die...

... .# .# ##.#. .#
.# . .... .. .# #
#### .. #.#.#.##.##
.. ...
#.#.....#...##.#
##..
#....#....#.?..#
#... #..B##...#
##.. #.@....# ##†
#####..##########.#
#....(.....∩.##
#..#####.####.#
#..#####.# ##.
#........# #.
#.####.#.#####. #.#
#......... #.#
#.........


You could see a boulder beetle.

Vanquished Creatures
  Grinder (D:3)
  A black bear (D:5)
  A necrophage (D:6)
  An ogre (D:5)
  A centaur (D:5)
  A phantom (D:4)
  Blork the orc (D:5)
  A bullfrog (D:6)
  A wyvern zombie (Ossuary)
  2 water moccasin zombies (Ossuary)
  9 bullfrog zombies
  3 centaur zombies
  A hound (D:2)
  A jelly (D:6)
  An orc priest (D:4)
  2 bullfrog skeletons (D:6)
  3 iron imps (D:3)
  Jessica (D:3)
  An iguana (D:4)
  3 orc wizards
  A killer bee zombie (Ossuary)
  16 mummies (Ossuary)
  2 howler monkey zombies (Ossuary)
  5 adders
  2 ufetubi
  A worm (D:2)
  A dart slug (D:4)
  12 orcs
  6 bats
  9 endoplasms
  5 giant cockroaches
  13 goblins
  7 hobgoblins
  10 jackals
  5 kobolds
  6 quokkas
  4 ball pythons
  A frilled lizard (D:1)
  4 rats
146 creatures vanquished.

Vanquished Creatures (others)
  4 fungi (D:3)
  8 withered plants (Ossuary)
12 creatures vanquished.

Grand Total: 158 creatures vanquished

Notes
Turn   | Place    | Note
-------+----------+-------------------------------------------
     0 | D:1      | Peloso the Minotaur Fighter began the quest for the Orb.
     0 | D:1      | Reached XP level 1. HP: 19/19 MP: 0/0
   478 | D:1      | Reached XP level 2. HP: 27/27 MP: 1/1
  1056 | D:2      | Found a faded altar of an unknown god.
  1086 | D:2      | Reached XP level 3. HP: 28/33 MP: 2/2
  1182 | D:2      | Reached skill level 3 in Long Blades
  1363 | D:2      | Reached XP level 4. HP: 34/41 MP: 3/3
  1815 | D:2      | Found Veedwott's Magic Scroll Shop.
  1823 | D:2      | Bought a scroll of magic mapping for 35 gold pieces
  1823 | D:2      | Bought a scroll of identify for 20 gold pieces
  2217 | D:3      | Noticed Jessica
  2221 | D:3      | Killed Jessica
  2222 | D:3      | Reached skill level 4 in Long Blades
  2222 | D:3      | Reached XP level 5. HP: 47/47 MP: 4/4
  2275 | D:3      | Noticed Grinder
  2278 | D:3      | Paralysed by Grinder for 4 turns
  2294 | D:3      | Killed Grinder
  2295 | D:3      | Reached skill level 5 in Fighting
  2295 | D:3      | Reached skill level 5 in Long Blades
  2295 | D:3      | Reached skill level 5 in Armour
  2295 | D:3      | Reached skill level 1 in Dodging
  2295 | D:3      | Reached XP level 6. HP: 18/56 MP: 5/5
  2770 | D:3      | Found a burning altar of Makhleb.
  3455 | D:3      | Found a runed translucent door.
  3456 | D:3      | Noticed Crazy Yiuf
  3563 | D:4      | Reached XP level 7. HP: 53/61 MP: 6/6
  3620 | D:4      | Found a sand-covered staircase.
  3634 | Ossuary  | Entered an ossuary
  3770 | Ossuary  | Reached skill level 6 in Long Blades
  3867 | Ossuary  | Reached skill level 5 in Shields
  3931 | Ossuary  | Reached skill level 7 in Long Blades
  3994 | Ossuary  | Reached XP level 8. HP: 17/70 MP: 7/7
  4442 | Ossuary  | Reached skill level 8 in Long Blades
  5507 | D:5      | Entered Level 5 of the Dungeon
  5507 | D:5      | Found a runed translucent door.
  5516 | D:5      | Reached skill level 9 in Long Blades
  5530 | D:5      | Noticed Blork the orc
  5541 | D:5      | Killed Blork the orc
  5642 | D:5      | Found a staircase to the Ecumenical Temple.
  5664 | Temple   | Entered the Ecumenical Temple
  5716 | Temple   | Became a worshipper of Warmaster Okawaru
  6258 | D:5      | Identified the +1 leather armour "Epofaet" {rPois}
  6374 | D:6      | Reached XP level 9. HP: 78/78 MP: 8/8
  6460 | D:6      | Found Panut's Book Emporium.
  6543 | D:6      | Noticed a boulder beetle
  6557 | D:6      | Mangled by a boulder beetle

Illustrated notes

Levels and vault maps discovered:
D:1:      minmay_arrival_plants_in_alcoves, layout_loops_ring
D:2:      layout_basic, serial_shops, shop, chequers_ecumenical_altar_island,
          lemuel_flame_loot_1
D:3:      layout_basic, demons_altar, uniq_crazy_yiuf_cottage, uniq_grinder,
          uniq_jessica
D:4:      layout_cave_pools, lightli_ossuary_entry_decrepit_ruins,
          minmay_diced_spiral
D:5:      layout_rooms, minmay_temple_entry_tees, lightli_church_of_beogh,
          uniq_blork_the_orc
D:6:      layout_loops_ring, tgw_xom, serial_shops, shop,
          kennysheep_small_circle
Temple:   kb_temple_of_zot

Skill      XL: |  1  2  3  4  5  6  7  8  9 |
---------------+----------------------------+-----
Fighting       | 4 5 6 |  6.8
Armour         | 4 5 6 7 8 |  8.0
Long Blades    | 3 4 5 7 9 |  9.9
Shields        | 4 5 |  5.5
Dodging        | 1 2 3 |  3.0
Stealth        | |  0.7

Action                   |  1- 3 |  4- 6 |  7- 9 || total
-------------------------+-------+-------+-------++-------
Melee: Long sword        |    72 |   118 |   272 ||   462
       Headbutt          |     6 |    24 |    54 ||    84
  Use: Scroll            |       |       |     7 ||     7
       Potion            |       |       |     1 ||     1
Armor: Scale mail        |    50 |    42 |   101 ||   193
Dodge: Dodged            |    52 |    42 |   123 ||   217
Block: Buckler           |    26 |    22 |    67 ||   115
